 Dungeon Crawl Stone Soup version 0.31-a0-574-g69dc8cc98e (webtiles) character file.

Game seed: 12909014228009121377

4482 ytrimaz the Fighter (level 10, -15/88 (90) HPs)
             Began as a Demonspawn Shapeshifter on Aug 18, 2023.
             Was a Believer of Okawaru.
             Demolished by an orc knight
             ... wielding a +0 battleaxe
              (24 damage)
             ... in a bailey.
             The game lasted 00:09:20 (7464 turns).

ytrimaz the Fighter (Demonspawn Shapeshifter)       Turns: 7464, Time: 00:09:20

HP:   -15/88 (90)   AC:  6    Str: 17    XL:     10   Next: 16%
MP:   15/15         EV: 14    Int:  9    God:    Okawaru [**....]
Gold: 306           SH:  0    Dex: 23    Spells: 9/9 levels left

rFire   . .          .
                       - Unarmed
rCold   . . .        (no shield)
rNeg    . . .        D - +1 leather armour {Will+}
rPois   .            (helmet currently unavailable)
rElec   .            (cloak currently unavailable)
rCorr   .            (gloves currently unavailable)
SInv    .            (boots currently unavailable)
Will    +....        C - amulet of magic regeneration
Stlth   ++           y - +6 ring of dexterity
HPRegen 0.34/turn    (no ring)
MPRegen 0.54/turn

%: no passive effects
@: brilliant, beast-form, studying Fighting, lightly drained
A: beast (slay +4), horns 1, rugged brown scales 2, ignite blood 1, powered by
death 1
a: Begin Untransformation, Renounce Religion, Heroism


You were in a bailey.
You worshipped Okawaru.
Okawaru was pleased with you.
You were a hulking beast.
You visited 2 branches of the dungeon, and saw 9 of its levels.
You also visited: Bailey.

You collected 306 gold pieces.


Innate Abilities, Weirdness & Mutations

You are a hulking beast.
Your limbs bulge with bestial killing power. (Slay +4)
You have a pair of small horns on your head.
You are mostly covered in rugged brown scales. (AC +2, +5% HP)
Your demonic aura sometimes causes spilled blood to erupt in flames.
You regenerate a little health from kills.


   Skills:
 + Level 10.9 Fighting
 - Level 4.0 Dodging
 + Level 8.2 Unarmed Combat
 + Level 6.7 Invocations
 - Level 6.0 Shapeshifting


You had 9 spell levels left.
You didn't know any spells.
Your spell library contained the following spells:

 Spells                   Type           Power      Damage    Failure   Level
 Sting                    Tmut/Pois      0%         1d3       45%         1
 Lesser Beckoning         Tloc           0%         N/A       58%         2
 Poisonous Vapours        Pois/Air       0%         N/A       58%         2
 Gell's Gravitas          Tloc           0%         N/A       83%         3
 Teleport Other           Tloc           0%         N/A       83%         3
 Olgreb's Toxic Radiance  Pois           0%         N/A       99%         4
 Summon Ice Beast         Ice/Summ       Unusable   N/A       N/A         4
 Summon Mana Viper        Hex/Summ       Unusable   N/A       N/A         5
 Monstrous Menagerie      Summ           Unusable   N/A       N/A         7

Inventory:

Armour
 D - a +1 leather armour of willpower (worn)
   (You took it off an orc on level 5 of the Dungeon)
Jewellery
 y - a +6 ring of dexterity (left hand)
   (You found it on level 6 of the Dungeon)
 C - an amulet of magic regeneration (around neck)
   (You found it on level 7 of the Dungeon)
Talismans
 c - a beast talisman (active)
 d - a flux talisman
Wands
 f - a wand of roots (10)
   (You found it on level 7 of the Dungeon)
 m - a wand of mindburst (29) (quivered)
   (You took it off Ijyb on level 3 of the Dungeon)
 o - a wand of flame (34)
   (You found it on level 4 of the Dungeon)
Scrolls
 e - 6 scrolls of teleportation
 i - a scroll of vulnerability
 j - a scroll of enchant armour
 k - a scroll of fog
 r - a scroll of enchant weapon
 w - 3 scrolls of fear
 z - a scroll of amnesia
Potions
 b - a potion of lignification
 h - 5 potions of curing
 n - a potion of resistance {unknown}
 p - a potion of magic {unknown}
 q - 2 potions of enlightenment {unknown}
 s - a potion of haste {unknown}
 u - 2 potions of might {unknown}
 v - 2 potions of mutation {unknown}
 x - a potion of attraction {unknown}

Dungeon Overview and Level Annotations

Branches:
Dungeon (8/15) Zot: 26398  Temple (1/1) D:7 Zot: 5981    Lair (0/5) D:8
 Bailey (1/1) Zot: 5803

Altars:
Ashenzari
Cheibriados
Dithmenos
Fedhas
Hepliaklqana
Kikubaaqudgha
Makhleb
Okawaru
Qazlal
Ru
Sif Muna
Trog
Vehumet
Wu Jian
Yredelemnul

Shops:
D:5 [

Annotations:
D:3 1 runed translucent door, Crazy Yiuf
D:4 1 runed translucent door, bcImEvil's ghost, novice HuWn

...........#
#.........### ##
###.....###.### ##.#
###.#)#.....###
##....
###)))......###......
#..)........#.......
#...........#.......
#.....⌠....g#o....⌠.
#..........h○g......
#..........o#g......
##.........###......
###.....### ##....
###.### #.# ### #


You could see an orc knight, an orc warrior (strong) and 3 gnolls.


Message History

😕 HP[-1]
You take 1 damage, and now have 70/88 hp.
The gnoll is engulfed in blazing flames.
You kill the gnoll!
Okawaru accepts your kill. 😕 HP[+1] No target in view!
No target in view!
You open the door. 2 gnolls and an orc knight come into view.
The gnoll shouts! x2; The orc knight shouts!
You hear a shout! x3
A goblin comes into view. It is wielding a +0 hand axe.
The goblin shouts! 😎 HP[+17]
Your hp is fully restored (88).
Okay, then.
A gnoll comes into view. It is wielding a +0 hand axe.
There is an open door here.
The orc knight roars a battlecry!
The gnoll puts on a burst of speed as it pursues you!
A gnoll comes into view. It is wielding a +0 hand axe.
An orc warrior comes into view. It is wielding a +0 hand axe.
The gnoll shouts!
You punch the gnoll! You headbutt the gnoll. The gnoll barely misses you.
The gnoll hits you with a +0 war axe. 😕 HP[-2]
You take 2 damage, and now have 86/88 hp.
You punch the gnoll!
You kill the gnoll!
Okawaru accepts your kill. The gnoll barely misses you.
You completely miss the gnoll.
You headbutt the gnoll, but do no damage.
The gnoll closely misses you. 😕 HP[+1] Unknown command.
It was a potion of brilliance.
You feel clever all of a sudden. The orc knight barely misses you.
The gnoll hits you with a +0 hand axe. 😕 HP[-2]
You take 2 damage, and now have 85/88 hp.
You hit the orc knight but do no damage.
Your headbutt misses the orc knight.
The orc knight hits you with a +0 battleaxe! 😕 HP[-11]
You take 11 damage, and now have 74/88 hp.
You barely miss the orc knight. You punch the orc knight!
The gnoll barely misses you.
The orc knight hits you with a +0 battleaxe!
Unknown command. 😮 HP[-9]
You take 9 damage, and now have 65/88 hp.
You closely miss the orc knight. The gnoll hits you with a +0 hand axe.
The orc knight closely misses you. 😮 HP[-3]
You take 3 damage, and now have 62/88 hp.
You punch the orc knight! The gnoll closely misses you.
The gnoll is engulfed in blazing flames.
Unknown command.
You completely miss the goblin.
The gnoll hits you with a +0 hand axe. 😮 HP[-1]
You take 1 damage, and now have 61/88 hp.
Unknown command.
You punch the orc knight! You headbutt the orc knight!
The orc knight closely misses you. The goblin hits you with a +0 hand axe.
The gnoll hits you with a +0 hand axe! 😮 HP[-8]
You take 8 damage, and now have 53/88 hp.
You hit the orc knight but do no damage.
You headbutt the orc knight. The orc knight barely misses you.
The goblin misses you.
The gnoll hits you with a +0 hand axe. 😮 HP[-4]
You take 4 damage, and now have 49/88 hp.
You hit the orc knight but do no damage.
The orc knight hits you with a +0 battleaxe.
* * * LOW HITPOINT WARNING * * *
The goblin misses you. The gnoll closely misses you.
Unknown command. 😨 HP[-6]
You take 6 damage, and now have 43/88 hp.
You hit the orc knight.
The orc knight hits you with a +0 battleaxe.
* * * LOW HITPOINT WARNING * * *
The goblin hits you but does no damage. 😨 HP[-5]
You take 5 damage, and now have 38/88 hp.
Unknown command.
You barely miss the orc knight. The gnoll closely misses you.
The orc knight hits you with a +0 battleaxe!!
* * * LOW HITPOINT WARNING * * *
The goblin is engulfed in blazing flames.
You kill the goblin! 😱 HP[-23]
You take 23 damage, and now have 15/88 hp.
MASSIVE DAMAGE!! (PAUSE)
You hit the orc knight but do no damage.
The gnoll hits you with a +0 hand axe.
* * * LOW HITPOINT WARNING * * *
The orc knight hits you with a +0 battleaxe!!
You die...

Skill      XL: |  1  2  3  4  5  6  7  8  9 |
---------------+----------------------------+-----
Dodging        | 2 3 4 |  4.0
Unarmed Combat | 3 4 5 6 8 |  8.2
Shapeshifting  | 3 4 5 6 |  6.0
Fighting       | 3 5 8 10 | 10.9
Invocations    | 1 6 |  6.7

Action                     |  1- 3 |  4- 6 |  7- 9 | 10-12 || total
---------------------------+-------+-------+-------+-------++-------
  Melee: Unarmed           |   119 |   121 |   249 |    52 ||   541
         Headbutt          |    12 |    23 |    49 |     9 ||    93
         Punch             |     4 |     2 |    10 |     3 ||    19
  Evoke: Wand              |       |       |       |     1 ||     1
    Use: Scroll            |       |     1 |    10 |       ||    11
         Potion            |       |     2 |     6 |     1 ||     9
   Stab: Sleeping          |     1 |     1 |     2 |       ||     4
         Distracted        |       |     1 |       |       ||     1
         Confused          |       |       |     1 |       ||     1
 Armour: Animal skin       |    23 |    10 |    33 |       ||    66
         Skin              |       |       |    66 |       ||    66
         Leather armour    |       |       |     1 |     9 ||    10
  Dodge: Dodged            |    70 |    78 |   159 |    29 ||   336

Levels and vault maps discovered:
D:1:      tarquinn_simple_flora_water_a, layout_rooms
D:2:      layout_basic, nrook_loot_triangle
D:3:      layout_basic, lemuel_round_altar, mainiacjoe_overflow_big_doors,
          hangedman_decor_push, uniq_ijyb, uniq_crazy_yiuf_cottage
D:4:      layout_cave_pools, kennysheep_mini, nicolae_ashenzari_panopticon,
          gammafunk_ghost_grave
D:5:      layout_basic, overflow_temple_1_default, serial_shops, shop,
          grunt_ministairs_13
D:6:      layout_cave_pools, dreamdust_gnoll_farm
D:7:      layout_basic, temple_statues, minivault_24, st_stairs_13,
          corner_web_ring, grunt_ministairs_14, glass_columns_a,
          uniq_prince_ribbit1
D:8:      layout_basic, grunt_temple_overflow_order_and_chaos_1,
          general_overflow_altar, minmay_lair_entry_grove, enter_bailey_3
Temple:   nicolae_temple_superstar
Bailey:   bailey_axe_minmay_hex_keep, bailey

Notes
Turn   | Place    | Note
-------+----------+-------------------------------------------
     0 | D:1      | ytrimaz the Demonspawn Shapeshifter began the quest for the
                  | Orb.
     0 | D:1      | Reached XP level 1. HP: 15/15 MP: 1/1
     0 | D:1      | magus.rc [v1.9.6]
   168 | D:1      | Reached skill level 2 in Dodging
   179 | D:1      | Gained mutation: You have a pair of small horns on your
                  | head. [demonic ancestry]
   179 | D:1      | Reached XP level 2. HP: 21/21 MP: 2/2
   285 | D:1      | Reached skill level 3 in Unarmed Combat
   617 | D:2      | Reached skill level 3 in Shapeshifting
   714 | D:2      | Gained mutation: You regenerate a little health from kills.
                  | [demonic ancestry]
   714 | D:2      | Reached XP level 3. HP: 14/26 MP: 3/3
   985 | D:2      | You pick up a book of Displacement and begin reading...
   985 | D:2      | You add the spells Lesser Beckoning, Gell's Gravitas and
                  | Teleport Other to your library.
  1674 | D:3      | Gained mutation: Your demonic aura sometimes causes spilled
                  | blood to erupt in flames. [demonic ancestry]
  1674 | D:3      | Reached XP level 4. HP: 32/32 MP: 4/4
  1734 | D:3      | Noticed an ogre
  1741 | D:3      | Killed an ogre
  1742 | D:3      | Reached skill level 3 in Dodging
  1742 | D:3      | Reached XP level 5. HP: 25/37 MP: 5/5
  1781 | D:3      | Found a bloodstained altar of Trog.
  1961 | D:3      | Reached skill level 4 in Unarmed Combat
  1990 | D:3      | Found a shadowy altar of Dithmenos.
  1995 | D:3      | Found a radiant altar of Vehumet.
  2000 | D:3      | Noticed Ijyb
  2011 | D:3      | Killed Ijyb
  2444 | D:3      | Found a runed translucent door.
  2445 | D:3      | Noticed Crazy Yiuf
  2488 | D:4      | Reached XP level 6. HP: 43/43 MP: 6/6
  2623 | D:4      | Found a runed translucent door.
  2623 | D:4      | Noticed bcImEvil's ghost (novice HuWn)
  2653 | D:4      | Found a broken altar of Ashenzari.
  3005 | D:4      | Found an ornate altar of the Wu Jian Council.
  3147 | D:5      | Entered Level 5 of the Dungeon
  3157 | D:5      | Found Bihan's Armour Shop.
  3182 | D:5      | You pick up a book of Beasts and begin reading...
  3182 | D:5      | You add the spells Summon Ice Beast, Summon Mana Viper and
                  | Monstrous Menagerie to your library.
  3197 | D:5      | Found a basalt altar of Yredelemnul.
  3271 | D:5      | Reached skill level 4 in Dodging
  3310 | D:5      | You add the spells Sting, Poisonous Vapours and Olgreb's
                  | Toxic Radiance to your library.
  3352 | D:5      | Reached skill level 2 in Fighting
  3354 | D:5      | Reached skill level 4 in Shapeshifting
  3421 | D:5      | HP: 11/44 [sleepcap (3)]
  3570 | D:5      | HP: 9/45 [orc priest/+0 morningstar (8)]
  3571 | D:5      | HP: 4/45 [orc/+0 dagger (2)]
  3646 | D:5      | Reached skill level 3 in Fighting
  3646 | D:5      | Gained mutation: You are partially covered in rugged brown
                  | scales. (AC +1, +3% HP) [demonic ancestry]
  3646 | D:5      | Reached XP level 7. HP: 46/53 MP: 7/7
  4183 | D:6      | HP: 5/54 [white imp/puff of frost (9)]
  4189 | D:6      | HP: 16/81 [orc priest/divine providence (14)]
  4201 | D:6      | Reached skill level 4 in Fighting
  4201 | D:6      | Reached skill level 5 in Unarmed Combat
  4533 | D:6      | Reached skill level 5 in Fighting
  4666 | D:6      | Gained mutation: You are mostly covered in rugged brown
                  | scales. (AC +2, +5% HP) [demonic ancestry]
  4666 | D:6      | Reached XP level 8. HP: 38/66 MP: 8/8
  4949 | D:6      | Reached skill level 5 in Shapeshifting
  4955 | D:6      | Reached skill level 6 in Fighting
  5118 | D:6      | Reached skill level 6 in Unarmed Combat
  5424 | D:7      | Reached skill level 7 in Fighting
  5685 | D:7      | Found a staircase to the Ecumenical Temple.
  5692 | Temple   | Entered the Ecumenical Temple
  5701 | Temple   | Became a worshipper of Warmaster Okawaru
  5739 | D:7      | Reached skill level 8 in Fighting
  5747 | D:7      | Reached skill level 1 in Invocations
  5799 | D:7      | Reached XP level 9. HP: 77/77 MP: 8/10
  5963 | D:7      | Reached skill level 2 in Invocations
  6129 | D:7      | Noticed Prince Ribbit
  6142 | D:7      | Killed Prince Ribbit
  6297 | D:7      | Reached skill level 7 in Unarmed Combat
  6297 | D:7      | Reached skill level 3 in Invocations
  6569 | D:7      | Reached skill level 6 in Shapeshifting
  6715 | D:8      | Found a burning altar of Makhleb.
  6757 | D:8      | Reached * piety under Okawaru
  6758 | D:8      | Reached skill level 9 in Fighting
  6763 | D:8      | Reached skill level 4 in Invocations
  6776 | D:8      | Reached skill level 5 in Invocations
  6781 | D:8      | Reached skill level 10 in Fighting
  6791 | D:8      | Killed an angel
  6950 | D:8      | Reached ** piety under Okawaru
  6974 | D:8      | HP: 23/103 [wight/+3 spear of freezing (6)]
  6975 | D:8      | Reached skill level 8 in Unarmed Combat
  6975 | D:8      | Reached skill level 6 in Invocations
  6975 | D:8      | Reached XP level 10. HP: 22/79 MP: 14/14
  7227 | D:8      | Found a staircase to the Lair.
  7259 | D:8      | Found a flagged portal.
  7264 | Bailey   | Entered a bailey
  7445 | Bailey   | Noticed an orc knight
  7463 | Bailey   | HP: 15/88 [orc knight/+0 battleaxe (23)]
  7464 | Bailey   | Demolished by an orc knight

Vanquished Creatures
  A hornet (D:8)
  Prince Ribbit (D:7)
  3 yaks (D:8)
  2 wyverns (D:8)
  2 basilisks (D:8)
  2 water moccasins
  An orc warrior (Bailey)
  3 ice beasts
  A black bear (D:7)
  3 ogres
  2 centaurs
  4 bullfrogs
  3 scorpions
  4 wights
  4 howler monkeys
  A jelly (D:7)
  6 hounds
  2 gnoll boudas (D:7)
  6 orc priests
  3 iguanas (D:5)
  3 sleepcaps
  Ijyb (D:3)
  3 orc wizards
  7 adders
  10 gnolls
  A shadow imp (D:7)
  A white imp (D:6)
  An ufetubus (D:7)
  3 worms
  2 dart slugs
  21 orcs
  An endoplasm (D:3)
  3 giant cockroaches
  14 goblins
  11 hobgoblins
  4 jackals
  5 quokkas
  10 ball pythons
  6 bats
  5 frilled lizards
  8 kobolds
  6 rats (D:1)
180 creatures vanquished.

Vanquished Creatures (collateral kills)
  4 wights (D:7)
4 creatures vanquished.

Vanquished Creatures (others)
  An angel (D:8)
  A wyvern (D:8)
2 creatures vanquished.

Grand Total: 186 creatures vanquished

Table legend:
 A = Non-vault XP
 B = Vault XP
 C = Vault XP percentage of total XP
 D = Non-vault monster count
 E = Vault monster count
 F = Vault count percentage of total count
                 A         B        C        D         E       F
            +---------+---------+-------+---------+---------+-------
      Total |    3900 |    2504 |  39.1 |     145 |      39 |  21.2
            +---------+---------+-------+---------+---------+-------
        D:1 |      36 |       0 |   0.0 |      24 |       0 |   0.0
        D:2 |      56 |       0 |   0.0 |      22 |       0 |   0.0
        D:3 |     222 |      35 |  13.6 |      18 |       1 |   5.3
        D:4 |     125 |       0 |   0.0 |      11 |       0 |   0.0
        D:5 |     268 |      74 |  21.6 |      16 |       2 |  11.1
        D:6 |    1044 |     111 |   9.6 |      19 |       4 |  17.4
        D:7 |    1326 |     364 |  21.5 |      27 |       6 |  18.2
        D:8 |     823 |    1736 |  67.8 |       8 |      14 |  63.6
     Bailey |       0 |     184 | 100.0 |       0 |      12 | 100.0
            +---------+---------+-------+---------+---------+-------

Skill      XL: |  1  2  3  4  5  6  7  8  9 |
---------------+----------------------------+-----
Dodging        | 2 3 4 |  4.0
Unarmed Combat | 3 4 5 6 8 |  8.2
Shapeshifting  | 3 4 5 6 |  6.0
Fighting       | 3 5 8 10 | 10.9
Invocations    | 1 6 |  6.7

Action                     |  1- 3 |  4- 6 |  7- 9 | 10-12 || total
---------------------------+-------+-------+-------+-------++-------
  Melee: Unarmed           |   119 |   121 |   249 |    52 ||   541
         Headbutt          |    12 |    23 |    49 |     9 ||    93
         Punch             |     4 |     2 |    10 |     3 ||    19
  Evoke: Wand              |       |       |       |     1 ||     1
    Use: Scroll            |       |     1 |    10 |       ||    11
         Potion            |       |     2 |     6 |     1 ||     9
   Stab: Sleeping          |     1 |     1 |     2 |       ||     4
         Distracted        |       |     1 |       |       ||     1
         Confused          |       |       |     1 |       ||     1
 Armour: Animal skin       |    23 |    10 |    33 |       ||    66
         Skin              |       |       |    66 |       ||    66
         Leather armour    |       |       |     1 |     9 ||    10
  Dodge: Dodged            |    70 |    78 |   159 |    29 ||   336

Illustrated notes

Table legend:
 A = Kills in this place as a percentage of kills in the entire game.
 B = Kills by you in this place as a percentage of kills by you in the entire game.
 C = Kills by friends in this place as a percentage of kills by friends in the entire game.
 D = Other kills in this place as a percentage of other kills in the entire game.
 E = Experience gained in this place as a percentage of experience gained in the entire game.
 F = Experience gained in this place divided by the number of levels of this place that you have seen.
                   A       B       C       D       E      F
               +-------+-------+-------+-------+-------+----------------------
         Total | 100.0 | 100.0 | 100.0 | 100.0 | 100.0 | 640.4
       Dungeon |  93.5 |  93.3 | 100.0 | 100.0 |  97.1 | 777.5
        Bailey |   6.5 |   6.7 |   0.0 |   0.0 |   2.9 | 184.0
               +-------+-------+-------+-------+-------+----------------------

Table legend: (Time is in decaauts)
 A = Elapsed time spent in this place.
 B = Non-inter-level travel time spent in this place.
 C = Inter-level travel time spent in this place.
 D = Time resting spent in this place.
 E = Time spent auto-exploring this place.
 F = Levels seen in this place.
 G = Mean time per level.
                   A        B        C        D        E       F      G
               +--------+--------+--------+--------+--------+-----+--------+
         Total |   7416 |   7153 |    263 |    168 |   5601 |  10 |  741.6 |
       Dungeon |   7202 |   6947 |    255 |    168 |   5455 |   8 |  900.2 |
        Temple |     18 |     10 |      8 |      0 |      0 |   1 |   18.0 |
        Bailey |    195 |    195 |      0 |      0 |    146 |   1 |  195.0 |
               +--------+--------+--------+--------+--------+-----+--------+

Top non-repeatable levels by time:
     D:7: 1257 daAuts
     D:5: 1202 daAuts
     D:2: 1058 daAuts
     D:6: 1047 daAuts
     D:3: 840 daAuts
     D:4: 680 daAuts
     D:8: 562 daAuts
     D:1: 554 daAuts
  Bailey: 195 daAuts
  Temple: 18 daAuts
